 Dungeon Crawl Stone Soup version 0.21-a0-186-g02e8684 (webtiles) character file.

1316 Lavandula the Spear-Bearer (level 8, 0/48 HPs)
             Began as a Formicid Artificer on Aug 13, 2017.
             Was an Initiate of Hepliaklqana.
             Slain by an orc warrior
             ... wielding a +0 hand axe
              (4 damage)
             ... on level 7 of the Dungeon.
             The game lasted 00:23:04 (3711 turns).

Lavandula the Spear-Bearer (Formicid Artificer)     Turns: 3711, Time: 00:23:04

Health: 0/48       AC:  7    Str: 18 (21) XL:     8   Next: 89%
Magic:  10/10      EV: 11    Int:  7 (10) God:    Hepliaklqana [......]
Gold:   307        SH:  0    Dex: 12 (13) Spells: 7/7 levels left

rFire    + + .     SeeInvis +   g - +2 spear (freeze)
rCold    . . .     Gourm    .   (no shield)
rNeg     . . .     Faith    .   o - +0 ring mail
rPois    .         Spirit   .   (helmet unavailable)
rElec    .         Reflect  .   i - +0 cloak
rCorr    .         Harm     .   J - +0 pair of gloves
MR       +....                  (no boots)
Stlth    ++........             l - amulet of magic regeneration
HPRegen  0.16/turn              H - ring of Fappafal {rF++ MR+ Stlth+}
MPRegen  0.37/turn              C - +3 ring of strength

@: drained
A: permanent stasis, dig shafts and tunnels, four strong arms, reduced essence,
antennae 3
a: Dig, Shaft Self, Recall Ancestor, Ancestor Identity, Renounce Religion


You were on level 7 of the Dungeon.
You worshipped Hepliaklqana.
Hepliaklqana was noncommittal.
You were not hungry.

You visited 1 branch of the dungeon, and saw 8 of its levels.
You also visited: Sewer.

You collected 307 gold pieces.

Inventory:

Hand Weapons
 a - a +4 spear
 g - a +2 spear of freezing (weapon)
 x - a +0 blowgun
 K - a +0 halberd
 L - a +4 dire flail
Missiles
 p - 6 javelins (quivered)
 y - 14 poisoned needles
 N - a throwing net
Armour
 b - a +0 leather armour
 i - a +0 cloak (worn)
 o - a +0 ring mail (worn)
 s - a +0 scale mail
 J - a +0 pair of gloves (worn)
Magical Staves
 I - an uncursed staff of air
Jewellery
 l - an amulet of magic regeneration (around neck)
 u - an uncursed ring of stealth
 B - an uncursed ring of protection from magic
 C - a +3 ring of strength (right hand)
 H - the ring of Fappafal (left hand) {rF++ MR+ Stlth+}
   (You took it off a gnoll on level 5 of the Dungeon)

   [ring of protection from magic]

   It greatly protects you from fire.
   It affects your resistance to hostile enchantments.
   It makes you more stealthy.
Wands
 c - a wand of flame (8/48)
 d - a wand of enslavement (11/24)
 e - a wand of random effects (15/48)
 O - a wand of iceblast (8/15)
Scrolls
 q - a scroll of immolation
 D - a scroll of fog
 P - a scroll of holy word {unknown}
Potions
 h - a potion of agility {unknown}
 j - a potion of ambrosia
 n - a potion of might {unknown}
 r - 5 potions of invisibility
 t - a potion of mutation {unknown}
 v - a potion of degeneration
 w - a potion of berserk rage {unknown}
 E - a potion of flight {unknown}
Comestibles
 f - 4 bread rations
 z - 3 royal jellies
 A - a meat ration
 G - 2 fruits
 Q - 2 chunks of flesh


   Skills:
 - Level 1.1(0.4) Fighting
   Level 1.8(1.1) Short Blades
   Level 2.2(5.7) Axes
 + Level 9.6(8.9) Polearms
 - Level 1.7(1.1) Dodging
 - Level 1.2(0.6) Stealth
 - Level 3.2(2.6) Evocations


You had 7 spell levels left.
You didn't know any spells.

Dungeon Overview and Level Annotations

Branches:
Dungeon (8/15)
 Temple: D:4-7         Lair: D:8-11

Altars:
Dithmenos
Elyvilon
Fedhas
Gozag
Hepliaklqana
Kikubaaqudgha
Nemelex Xobeh
Yredelemnul

Annotations:
D:1 exclusion: dart slug


Innate Abilities, Weirdness & Mutations

You cannot be hasted, slowed, berserked, paralysed or teleported.
You can dig through walls and to a lower floor.
Your four strong arms can wield two-handed weapons with a shield.
You have a pair of large antennae on your head. (SInv)
Your life essence is reduced to manifest your ancestor. (-10% HP)


Message History

* * * LOW HITPOINT WARNING * * *
It was a potion of degeneration.
There was something very wrong with that liquid.
You feel weakened.
You feel dopey.
You feel clumsy. The orc warrior barely misses you.
Okay, then.
Evoke which item? (* to show all) (? for menu, Esc to quit)
Aiming: Enslavement
Press: ? - help, Shift-Dir - straight line, f/p - orc warrior
Aim: an orc warrior, wielding a hand axe and wearing a chain mail (almost dead, chance to defeat MR: 53%)
The orc warrior resists with significant effort.
This wand has 12 charges left.
The orc warrior closely misses you.
Evoke which item? (* to show all) (? for menu, Esc to quit)
Aiming: Enslavement
Press: ? - help, Shift-Dir - straight line, f/p - orc warrior
Aim: an orc warrior, wielding a hand axe and wearing a chain mail (almost dead, chance to defeat MR: 53%)
The orc warrior resists with significant effort.
This wand has 11 charges left.
The orc warrior hits you with a hand axe.
You die...

# #.# ####.#.# #.# #.# # #.#
#....#.# ##.## #.# # #.#
#.####.#######...## #.# # #.#
#.................###.### # #.#
###..#.#.#..............## # #.#
##.)................###... #
#.###.#..#.#o###........###.## #
#....###....o#####..[##.......
####..##.#..#.##@# #...##.####.#
...............### ##.###.##.)..
####...###..##.# #.# #.#..... #
#..#.........# #.# #.#..... #
#....###.....# #.# #....._.
###...<###.###.#####.......#.....
. ...#.....###.........##..#.....
# #..(.##..##.(.####.#.##..##....
#.#.###..#.....###.#.# ####.#


You could see an orc warrior and an orc.

Vanquished Creatures
  Purgy (Sewer)
  An orc warrior (D:7)
  2 centaurs
  2 bullfrogs
  A scorpion (D:7)
  2 wights
  2 howler monkeys (D:6)
  A crimson imp (D:5)
  2 orc priests (D:7)
  2 hounds (D:5)
  An iguana (D:5)
  Natasha (D:2)
  Terence (D:3)
  An orc wizard (D:7)
  2 worker ants (D:7)
  A hound skeleton (D:4)
  9 gnolls
  6 adders
  A shadow imp (D:5)
  An adder skeleton (D:7)
  4 worms
  A dart slug (D:3)
  2 leopard geckos (D:3)
  8 orcs
  2 giant cockroaches
  2 goblins (D:3)
  7 hobgoblins
  3 quokkas
  4 bats
  6 frilled lizards
  6 kobolds
  8 rats
93 creatures vanquished.

Vanquished Creatures (collateral kills)
  A wight (D:8)
  A crimson imp (D:7)
  A gnoll (D:5)
  An orc (D:7)
  A bat (D:2)
  2 kobolds (D:2)
7 creatures vanquished.

Vanquished Creatures (others)
  A steam dragon (D:6)
  A gnoll sergeant (D:5)
  3 ancestors (D:7)
5 creatures vanquished.

Grand Total: 105 creatures vanquished

Notes
Turn   | Place    | Note
-------+----------+-------------------------------------------
     0 | D:1      | Lavandula the Formicid Artificer began the quest for the Orb.
     0 | D:1      | Reached XP level 1. HP: 15/15 MP: 3/3
   246 | D:2      | Reached XP level 2. HP: 17/21 MP: 4/4
   272 | D:2      | Reached skill level 1 in Axes
   447 | D:2      | Noticed Natasha
   459 | D:2      | Killed Natasha
   459 | D:2      | Reached XP level 3. HP: 26/26 MP: 5/5
   502 | D:2      | Reached skill level 1 in Polearms
   533 | D:2      | Reached XP level 4. HP: 27/32 MP: 6/6
   658 | D:3      | Reached skill level 2 in Polearms
   737 | D:3      | Noticed Terence
   834 | D:3      | Reached XP level 5. HP: 13/37 MP: 7/7
   902 | D:3      | Reached skill level 3 in Polearms
   922 | D:3      | Found a glowing drain.
   963 | D:3      | Killed Terence
   973 | Sewer    | Entered a sewer
  1131 | Sewer    | Noticed Purgy
  1156 | Sewer    | Killed Purgy
  1156 | Sewer    | Reached skill level 4 in Polearms
  1156 | Sewer    | Reached XP level 6. HP: 19/43 MP: 8/8
  1491 | D:4      | Noticed a phantom
  1653 | D:4      | Found an opulent altar of Gozag.
  1696 | D:5      | Entered Level 5 of the Dungeon
  1744 | D:4      | Found an ancient bone altar of Kikubaaqudgha.
  1745 | D:4      | Found a blossoming altar of Fedhas.
  1796 | D:5      | Reached skill level 5 in Polearms
  1860 | D:5      | Found a white marble altar of Elyvilon.
  1946 | D:5      | Found a basalt altar of Yredelemnul.
  2053 | D:5      | Reached XP level 7. HP: 29/48 MP: 9/9
  2067 | D:5      | Found a sparkling altar of Nemelex Xobeh.
  2107 | D:5      | Reached skill level 6 in Polearms
  2122 | D:5      | Got a glittering granite ring
  2124 | D:5      | Identified the ring of Fappafal {rF++ MR+ Stlth+} (You took it off a gnoll on level 5 of the Dungeon)
  2139 | D:5      | Found a blossoming altar of Fedhas.
  2372 | D:6      | Reached skill level 7 in Polearms
  2409 | D:6      | Noticed a steam dragon
  2716 | D:6      | Reached XP level 8. HP: 51/54 MP: 10/10
  2907 | D:6      | Noticed a steam dragon
  3003 | D:7      | Found a hazy altar of Hepliaklqana.
  3012 | D:7      | Became a worshipper of Hepliaklqana the Forgotten
  3113 | D:7      | Reached skill level 8 in Polearms
  3363 | D:7      | Reached skill level 9 in Polearms
  3444 | D:7      | Found a shadowy altar of Dithmenos.
  3677 | D:8      | Noticed a two-headed ogre
  3711 | D:7      | Slain by an orc warrior

Vault maps used:
D:1:      dpeg_arrival_circle_labyrinth_c, xom_teletrap_fun
D:2:      uniq_natasha
D:3:      portal_sewer_entry_a, hangedman_decor_riveting, uniq_terence
D:4:      grunt_temple_overflow_growth_and_decay, first_bread,
          grunt_gozag_breadcrumbs
D:5:      kennysheep_ying_yang, old_standard_altar, fedhas_altar_2
D:6:      cheibrodos_steamvent, minmay_temple_entry_enclosed_plants
D:7:      old_standard_altar, lemuel_coloured_pillars_altar
D:8:      vehumet_altar_wand_db
Sewer:    kennysheep_door_sewer

Skill      XL: |  1  2  3  4  5  6  7  8 |
---------------+-------------------------+-----
Axes           | 2 |  2.2
Polearms       | 1 2 4 5 7 9 |  9.6
Fighting       | |  1.1
Short Blades   | |  1.8
Dodging        | |  1.7
Stealth        | |  1.2
Evocations     | |  3.2

Action                   |  1- 3 |  4- 6 |  7- 9 || total
-------------------------+-------+-------+-------++-------
Melee: Short sword       |    35 |       |       ||    35
       Spear             |     8 |   152 |   212 ||   372
Invok: Recall Ancestor   |       |       |     1 ||     1
 Abil: Dig               |     1 |     7 |     8 ||    16
Evoke: Wand              |    10 |     9 |     9 ||    28
  Use: Scroll            |     4 |     5 |     4 ||    13
       Potion            |       |       |     2 ||     2
 Stab: Sleeping          |     1 |     6 |     1 ||     8
       Distracted        |       |     1 |     2 ||     3
  Eat: Chunk             |       |     4 |     6 ||    10
Armor: Leather armour    |    19 |    25 |       ||    44
       Ring mail         |       |     3 |    35 ||    38
Dodge: Dodged            |    28 |    55 |    56 ||   139
